 Dungeon Crawl Stone Soup version 0.30-a0-571-gdf30a72648 (webtiles) character file.

Game seed: 7356197116587205009

219 demibob the Insei (level 5, -8/41 HPs)
             Began as a Demonspawn Monk on Dec 29, 2022.
             Was a Priest of Dithmenos.
             Mangled by a gnoll
             ... wielding a +0 flail
             ... led by a gnoll bouda
              (10 damage)
             ... on level 4 of the Dungeon.
             The game lasted 00:04:44 (2581 turns).

demibob the Insei (Demonspawn Monk)                 Turns: 2581, Time: 00:04:44

Health: -8/41      AC:  4    Str: 11    XL:     5   Next: 63%
Magic:  5/5        EV: 13    Int: 11    God:    Dithmenos [***...]
Gold:   133        SH:  0    Dex: 18    Spells: 4/4 levels left

rFire   . . .      SeeInvis .    a - +0 spear
rCold   . . .      Faith    +    (no shield)
rNeg    . . .      Spirit   .    b - +1 robe
rPois   .          Reflect  .    (helmet restricted)
rElec   .          Harm     .    n - +0 cloak
rCorr   .          Rampage  .    (no gloves)
Will    .....                    (no boots)
Stlth   +++                      f - amulet of faith {!P}
HPRegen 0.26/turn                L - ring of flight
MPRegen 0.09/turn                (no ring)

@: flying, wreathed by umbra
A: antennae 1, claws 1, hooves 1
a: Renounce Religion, Shadow Step


You were on level 4 of the Dungeon.
You worshipped Dithmenos.
Dithmenos was most pleased with you.
You visited 1 branch of the dungeon, and saw 4 of its levels.

You collected 133 gold pieces.


Innate Abilities, Weirdness & Mutations

You have a pair of small antennae on your head.
You have sharp fingernails.
You have large cloven feet.


   Skills:
 - Level 3.0 Fighting
 - Level 3.2 Polearms
 - Level 2.6 Dodging
 + Level 2.9 Stealth
 * Level 4.1 Unarmed Combat


You had 4 spell levels left.
You didn't know any spells.
Your spell library contained the following spells:

 Spells                   Type           Power      Damage    Failure   Level
 Sting                    Tmut/Pois      0%         1d3       34%         1
 Blink                    Tloc           0%         N/A       47%         2
 Momentum Strike          Conj/Tloc      0%         3d8       47%         2
 Lesser Beckoning         Tloc           0%         N/A       71%         3

Inventory:

Hand Weapons
 a - a +0 spear (weapon)
Armour
 b - a +1 robe (worn)
 n - a +0 cloak (worn)
Magical Staves
 d - a staff of fire {!a}
 j - a staff of air {!a}
Jewellery
 f - an amulet of faith (around neck) {!P}
 m - an amulet of magic regeneration
 L - a ring of flight (left claw)
Scrolls
 h - a scroll of identify {@r1}
Potions
 c - a potion of ambrosia
 g - 3 potions of cancellation
 l - 2 potions of mutation

Dungeon Overview and Level Annotations

Branches:
Dungeon (4/15)
 Temple: D:4-7

Altars:
Dithmenos

Shops:
D:2

[ #.......#######
#.#####........ #.#
#########
#######.### ...
..........# ###
#######.#.# #.#.#
#.#######g#.####
#.....@ggg.....▒▒▒▒▒
#..########.##......
##.=..▒..o ##.gg#.▒
.▒ #....).▒ #....##▒
......... ........##
.........


You could see 3 gnolls and a goblin.


Message History

* * * LOW HITPOINT WARNING * * *
Your Unarmed Combat skill increases to level 4!
You are too injured to fight recklessly!
You are too injured to fight recklessly!
You are too injured to fight recklessly!
You are too injured to fight recklessly!
You are too injured to fight recklessly!
You are too injured to fight recklessly!
You are too injured to fight recklessly!
You are too injured to fight recklessly!
You are too injured to fight recklessly!
You are too injured to fight recklessly!
You are too injured to fight recklessly!
You are too injured to fight recklessly!
You are too injured to fight recklessly!
You are too injured to fight recklessly!
You hit the gnoll but do no damage.
The gnoll is lightly wounded.
You hit the gnoll.
The gnoll is moderately wounded.
The gnoll hits you from afar with a +0 spear.
* * * LOW HITPOINT WARNING * * *
The gnoll hits you with a +0 flail.
* * * LOW HITPOINT WARNING * * *
Okay, then.
Unknown command.
You closely miss the gnoll. You kick the gnoll.
The gnoll is heavily wounded.
The gnoll completely misses you. The gnoll hits you with a +0 flail!
You die...

Skill      XL: |  1  2  3  4  5 |
---------------+----------------+-----
Polearms       | 3 |  3.2
Unarmed Combat | 1 3 4 |  4.1
Stealth        | 2 |  2.9
Fighting       | |  3.0
Dodging        | |  2.6

Action                   |  1- 3 |  4- 6 || total
-------------------------+-------+-------++-------
Melee: Spear             |   130 |    21 ||   151
       Punch             |     2 |     1 ||     3
       Kick              |    12 |    15 ||    27
       Unarmed           |    11 |    17 ||    28
  Use: Scroll            |    11 |       ||    11
       Potion            |     3 |     4 ||     7
 Stab: Sleeping          |     8 |     2 ||    10
Armor: Robe              |    28 |       ||    28
       Skin              |    15 |       ||    15
Dodge: Dodged            |    72 |    30 ||   102

Levels and vault maps discovered:
D:1:      eino_arrival_tree_alley, layout_basic,
          shapermc_ecumenical_altar_rom_forum
D:2:      layout_basic, serial_shops, shop
D:3:      layout_basic
D:4:      minmay_clustersquares, layout_loops_ring, uniq_pargi

Notes
Turn   | Place    | Note
-------+----------+-------------------------------------------
     0 | D:1      | demibob the Demonspawn Monk began the quest for the Orb.
     0 | D:1      | Reached XP level 1. HP: 18/18 MP: 1/1
    63 | D:1      | Reached skill level 3 in Polearms
   167 | D:1      | You feel monstrous as your demonic heritage exerts itself.
   167 | D:1      | Discovered your monstrous ancestry.
   167 | D:1      | Gained mutation: You have sharp fingernails. [demonic
                  | ancestry]
   167 | D:1      | Reached XP level 2. HP: 22/24 MP: 2/2
   270 | D:1      | Found a faded altar of an unknown god.
   294 | D:1      | Got Plato's Tome of Toxicity
   295 | D:1      | Prayed at the altar of an unknown god.
   295 | D:1      | Became a worshipper of Dithmenos the Shadowed
   295 | D:1      | Reached * piety under Dithmenos
   295 | D:1      | Reached ** piety under Dithmenos
   845 | D:2      | Reached skill level 1 in Unarmed Combat
   926 | D:2      | Found Xutwul's Armour Emporium.
  1345 | D:2      | Reached *** piety under Dithmenos
  1584 | D:3      | Gained mutation: You have large cloven feet. [demonic
                  | ancestry]
  1584 | D:3      | Reached XP level 3. HP: 27/29 MP: 3/3
  1616 | D:3      | Reached skill level 2 in Unarmed Combat
  2247 | D:3      | Identified a scroll of acquirement
  2247 | D:3      | Acquired a ring of flight
  2315 | D:4      | Noticed Pargi
  2335 | D:4      | Killed Pargi
  2336 | D:4      | Reached skill level 2 in Stealth
  2336 | D:4      | Reached skill level 3 in Unarmed Combat
  2336 | D:4      | Reached XP level 4. HP: 35/35 MP: 4/4
  2336 | D:4      | Gained mutation: You have a pair of small antennae on your
                  | head. [demonic ancestry]
  2336 | D:4      | Reached XP level 5. HP: 41/41 MP: 5/5
  2579 | D:4      | Reached skill level 4 in Unarmed Combat
  2580 | D:4      | HP: 1/41 [gnoll/+0 flail[a gnoll bouda] (6)]
  2581 | D:4      | Mangled by a gnoll

Vanquished Creatures
  Pargi (D:4)
  A jelly (D:4)
  A gnoll bouda (D:4)
  A gnoll (D:4)
  2 adders (D:3)
  A worm (D:3)
  A dart slug (D:1)
  3 endoplasms
  A giant cockroach (D:1)
  4 hobgoblins
  2 jackals (D:3)
  A quokka (D:2)
  5 ball pythons
  3 bats
  3 frilled lizards
  7 goblins
  4 kobolds
  4 rats
45 creatures vanquished.

Table legend: (Time is in decaauts)
 A = Elapsed time spent in this place.
 B = Non-inter-level travel time spent in this place.
 C = Inter-level travel time spent in this place.
 D = Time resting spent in this place.
 E = Time spent auto-exploring this place.
 F = Levels seen in this place.
 G = Mean time per level.
                   A        B        C        D        E       F      G
               +--------+--------+--------+--------+--------+-----+--------+
         Total |   2567 |   2421 |    146 |    205 |   1773 |   4 |  641.8 |
       Dungeon |   2567 |   2421 |    146 |    205 |   1773 |   4 |  641.8 |
               +--------+--------+--------+--------+--------+-----+--------+

Top non-repeatable levels by time:
     D:2: 876 daAuts
     D:3: 803 daAuts
     D:1: 625 daAuts
     D:4: 262 daAuts

Table legend:
 A = Non-vault XP
 B = Vault XP
 C = Vault XP percentage of total XP
 D = Non-vault monster count
 E = Vault monster count
 F = Vault count percentage of total count
                 A         B        C        D         E       F
            +---------+---------+-------+---------+---------+-------
      Total |     183 |     130 |  41.5 |      44 |       1 |   2.2
            +---------+---------+-------+---------+---------+-------
        D:1 |      19 |       0 |   0.0 |      11 |       0 |   0.0
        D:2 |      19 |       0 |   0.0 |      14 |       0 |   0.0
        D:3 |      53 |       0 |   0.0 |      16 |       0 |   0.0
        D:4 |      92 |     130 |  58.6 |       3 |       1 |  25.0
            +---------+---------+-------+---------+---------+-------
